RedWings vs Senators

Created - February-27-13 at 18:31

Goals
1 2 3 OT1 SO T
RedWings 0 1 1 0 1 3
Senators 1 1 0 0 0 2
Shots
1 2 3 OT1 SO T
RedWings 8 5 6 0 5 19
Senators 9 13 4 0 5 26

1st period

1. Senators , Jason Spezza 26 (Blake Wheeler) at 9:55

Penalties :
Paul Martin (DET) for Slashing (Minor) at 6:51, Jared Cowen (OTT) for Roughing (Minor) at 11:14, Dion Phaneuf (OTT) for Interference (Minor) at 13:16

2nd period

2. Senators , Sidney Crosby 14 (Guillaume Latendresse, Anton Stralman) at 5:57 (PP)
3. RedWings , Alexandre Burrows 18 (Mark Fraser, Nate Thompson) at 9:50

Penalties :
Paul Martin (DET) for Kneeing (Major) at 0:30, Eric Brewer (DET) for Roughing (Minor) at 5:18, Anton Stralman (OTT) for Holding (Minor) at 11:57, Alexandre Burrows (DET) for High sticking (Minor) at 16:44

3rd period

4. RedWings , Joe Thornton 9 (Brian Campbell, Jamie Langenbrunner) at 11:51 (PP)

Penalties :
Guillaume Latendresse (OTT) for Hooking (Minor) at 11:45, Guillaume Latendresse (OTT) for Hooking (Minor) at 15:23

Overtime #1

No Goal

Penalties :
No Penalty

Shootout

Penalty Shot by Alexandre Burrows for RedWings - Stopped by Carey Price
Penalty Shot by Claude Giroux for Senators - Stopped by Roberto Luongo
Penalty Shot by Ray Whitney for RedWings - Stopped by Carey Price
Penalty Shot by Sidney Crosby for Senators - Stopped by Roberto Luongo
Penalty Shot by Curtis Glencross for RedWings - Shot Misses the Net
Penalty Shot by Jason Spezza for Senators - Stopped by Roberto Luongo
Penalty Shot by Travis Zajac for RedWings - Shot Misses the Net
Penalty Shot by Daniel Sedin for Senators - Shot Misses the Net
Penalty Shot by Joe Thornton for RedWings - Goal!
Penalty Shot by James Neal for Senators - Stopped by Roberto Luongo

Penalties :
No Penalty

Goalie Stats

Roberto Luongo (DET), 24 saves from 26 shots - (0.923), W, 28-28-6, 65:00 minutes
Carey Price (OTT), 17 saves from 19 shots - (0.895), OTL, 18-16-2, 65:00 minutes

Players Stats for RedWings

Player Name              G  A  P  +/- PIM S  H  SB GA TA FO     MP     PP MP  PK MP  
------------------------------------------------------------------------------------
Alexandre Burrows        1  0  1   1  2   3  4  0  0  0  1/2    25:05   3:54   0:00 
Brian Campbell           0  1  1   0  0   1  0  2  0  0  0/0    27:22   4:32   5:22 
Chris Summers            0  0  0   1  0   0  0  0  0  0  0/0     3:39   0:00   0:00 
Curtis Glencross         0  0  0   0  0   1  1  1  0  0  0/1    25:57   4:08   3:45 
Daymond Langkow          0  0  0   0  0   1  1  0  0  0  10/23  19:21   3:54   1:01 
Eric Brewer              0  0  0   0  2   1  1  4  0  0  0/0    26:15   4:32   4:51 
Jamie Langenbrunner      0  1  1  -1  0   1  1  0  0  0  1/1    24:18   3:32   0:00 
Jared Spurgeon           0  0  0  -1  0   0  0  1  0  0  0/0    13:13   0:00   3:40 
Joe Thornton             1  0  1   0  0   2  0  0  0  0  13/25  19:53   4:08   0:00 
Keith Yandle             0  0  0   0  0   2  2  1  0  0  0/0    24:26   3:30   4:03 
Mark Fraser              0  1  1   1  0   2  0  0  0  0  0/0     3:46   0:00   0:07 
Nate Thompson            0  1  1   0  0   1  0  1  0  0  10/23  20:49   0:00   5:46 
Paul Martin              0  0  0   0  7   1  2  0  0  0  0/0    21:07   3:30   0:46 
Pavel Kubina             0  0  0  -1  0   0  2  0  0  0  0/0    10:09   0:00   0:00 
Ray Whitney              0  0  0   0  0   2  1  0  0  0  0/0    23:19   3:54   4:59 
Ryan Whitney             0  0  0   0  0   0  0  0  0  0  0/0     0:00   0:00   0:00 
Stephen Gionta           0  0  0   1  0   1  0  0  0  0  0/0     7:49   0:00   0:30 
Travis Zajac             0  0  0  -1  0   0  0  0  0  0  3/7    13:52   0:36   2:38 

Players Stats for Senators

Player Name              G  A  P  +/- PIM S  H  SB GA TA FO     MP     PP MP  PK MP  
------------------------------------------------------------------------------------
Adrian Aucoin            0  0  0  -1  0   1  0  1  0  0  0/0    26:56   4:58   3:17 
Anton Stralman           0  1  1  -1  2   0  0  1  0  0  0/0    23:01   4:10   0:11 
Blake Wheeler            0  1  1   1  0   2  5  0  0  0  0/0    16:34   5:15   0:29 
Claude Giroux            0  0  0  -1  0   2  2  1  0  0  18/30  21:39   5:15   2:14 
Colin White              0  0  0   0  0   1  0  1  0  0  0/0    13:11   0:17   1:19 
Daniel Sedin             0  0  0  -1  0   0  0  0  0  0  0/1    19:25   5:15   0:00 
Dion Phaneuf             0  0  0   0  2   0  1  1  0  0  0/0    11:23   0:00   0:00 
Guillaume Latendresse    0  1  1   0  4   2  1  0  0  0  0/1    19:10   4:10   0:19 
James Neal               0  0  0   0  0   8  2  0  0  0  1/1    21:06   4:10   0:00 
Jared Cowen              0  0  0   1  2   1  7  0  0  0  0/0    24:41   4:10   3:15 
Jason Spezza             1  0  1   1  0   3  0  0  0  0  6/16   12:55   0:00   2:05 
Jay Pandolfo             0  0  0   0  0   0  0  0  0  0  1/3     7:50   0:00   2:55 
Jim OBrien               0  0  0  -1  0   0  0  0  0  0  1/4    21:34   0:00   3:14 
John Mitchell            0  0  0   1  0   0  1  0  0  0  0/0    10:50   0:00   0:00 
Joni Pitkanen            0  0  0   0  0   3  0  0  0  0  0/0    21:26   5:15   4:04 
Rob Klinkhammer          0  0  0   0  0   0  3  0  0  0  0/0    10:25   0:00   4:48 
Sidney Crosby            1  0  1   0  0   3  0  0  0  0  17/26  20:28   4:10   0:00 
Steve Staios             0  0  0   1  0   0  0  1  0  0  0/0     9:19   0:00   3:58 

3 Stars

1 - Blake Wheeler (OTT)
2 - Alexandre Burrows (DET)
3 - Jason Spezza (OTT)

Power Play

RedWings - 1 on 5 Attempt(s) - 20.00%
Senators - 1 on 4 Attempt(s) - 25.00%

Penalty Kill

RedWings - 3 on 4 Attempt(s) - 75.00% - Score 0 goal in Penalty Kill
Senators - 4 on 5 Attempt(s) - 80.00% - Score 0 goal in Penalty Kill

Official

Referees : Mike Hasenfratz and Darcy Burchell
Linesman : Andy McElman and Brian Mach

Game Notes

No Game Note

Finance

Level 1 -- Attendance: 6053 (93.12%) -- Ticket Income $605,300
Level 2 -- Attendance: 5000 (100.00%) -- Ticket Income $300,000
Level 3 -- Attendance: 3475 (99.29%) -- Ticket Income $121,625
Level 4 -- Attendance: 2819 (89.41%) -- Ticket Income $84,570
Luxury Box -- Attendance: 1000 (100.00%) -- Ticket Income $250,000
Game was played at the Scotiabank Place
Total Attendance: 18347 (95.79%)
Total Ticket Income: $1,361,495
Other Income: $204,224
Total Income: $1,565,719


% Time on Ice - RedWings

Lines # - Real PCT - Wanted PCT - Time Play
Normal Forward
1 - 34% - 35% - 14:26
2 - 37% - 35% - 15:45
3 - 12% - 20% - 5:03
4 - 17% - 10% - 7:19
Normal Defense
1 - 35% - 35% - 14:54
2 - 34% - 35% - 14:27
3 - 22% - 20% - 9:33
4 - 9% - 10% - 3:39
PP Forward
1 - 49% - 60% - 3:54
2 - 51% - 40% - 4:08
PP Defense
1 - 56% - 60% - 4:32
2 - 44% - 40% - 3:30
PK Forward
1 - 71% - 60% - 6:36
2 - 29% - 40% - 2:38
PK Defense
1 - 58% - 60% - 5:20
2 - 42% - 40% - 3:54
PK3 Forward
1 - 100% - 60% - 0:11
2 - 0% - 40% - 0:00
PK3 Defense
1 - 18% - 60% - 0:02
2 - 82% - 40% - 0:09
44 Forward
1 - 68% - 60% - 3:25
2 - 32% - 40% - 1:35
44 Defense
1 - 60% - 60% - 3:01
2 - 40% - 40% - 1:59
Last Minute Offensive  - 0:00
Last Minute Defensive  - 0:00
Total
Forward - 65:00
Defense - 65:00

% Time on Ice - Senators

Lines # - Real PCT - Wanted PCT - Time Play
Normal Forward
1 - 30% - 32% - 12:47
2 - 33% - 32% - 14:01
3 - 25% - 25% - 10:50
4 - 12% - 11% - 4:55
Normal Defense
1 - 38% - 40% - 16:18
2 - 23% - 30% - 9:41
3 - 27% - 20% - 11:24
4 - 12% - 10% - 5:10
PP Forward
1 - 44% - 60% - 4:10
2 - 56% - 40% - 5:15
PP Defense
1 - 56% - 60% - 5:15
2 - 44% - 40% - 4:10
PK Forward
1 - 70% - 60% - 5:36
2 - 30% - 40% - 2:26
PK Defense
1 - 49% - 60% - 3:58
2 - 51% - 40% - 4:04
PK3 Forward
1 - 0% - 60%
2 - 0% - 40%
PK3 Defense
1 - 0% - 60%
2 - 0% - 40%
44 Forward
1 - 72% - 60% - 3:37
2 - 28% - 40% - 1:23
44 Defense
1 - 51% - 60% - 2:34
2 - 49% - 40% - 2:26
Last Minute Offensive  - 0:00
Last Minute Defensive  - 0:00
Total
Forward - 65:00
Defense - 65:00

Play by Play

1st period


0:01 of 1st period - Claude Giroux wins face-off versus Daymond Langkow in neutral zone.
0:24 of 1st period - Shot by Keith Yandle.
0:24 of 1st period - Stopped by Carey Price without a rebound.
0:25 of 1st period - Sidney Crosby wins face-off versus Joe Thornton in Senators zone.
0:25 of 1st period - Sidney Crosby is hit by Alexandre Burrows.
1:00 of 1st period - Shot by Alexandre Burrows.
1:00 of 1st period - Shot Misses the Net.
1:41 of 1st period - Shot by Nate Thompson.
1:41 of 1st period - Stopped by Carey Price without a rebound.
1:42 of 1st period - Daymond Langkow wins face-off versus Jason Spezza in Senators zone.
2:03 of 1st period - Shot by Ray Whitney.
2:03 of 1st period - Shot Blocked by Colin White.
2:11 of 1st period - Keith Yandle is hit by Blake Wheeler and loses puck.
2:50 of 1st period - Shot by Mark Fraser.
2:50 of 1st period - Shot Misses the Net.
2:52 of 1st period - Shot by Mark Fraser.
2:52 of 1st period - Stopped by Carey Price without a rebound.
2:53 of 1st period - Claude Giroux wins face-off versus Joe Thornton in Senators zone.
3:35 of 1st period - Shot by Claude Giroux.
3:35 of 1st period - Stopped by Roberto Luongo with a rebound.
3:52 of 1st period - Icing by Steve Staios.
3:53 of 1st period - Travis Zajac wins face-off versus Sidney Crosby in Senators zone.
4:03 of 1st period - Icing by James Neal.
4:04 of 1st period - Sidney Crosby wins face-off versus Daymond Langkow in Senators zone.
4:58 of 1st period - Pavel Kubina is hit by Jared Cowen and loses puck.
5:19 of 1st period - Shot by Alexandre Burrows.
5:19 of 1st period - Stopped by Carey Price with a rebound.
5:24 of 1st period - Icing by Jared Cowen.
5:25 of 1st period - Sidney Crosby wins face-off versus Joe Thornton in Senators zone.
5:44 of 1st period - Shot by Curtis Glencross.
5:44 of 1st period - Shot Misses the Net.
5:46 of 1st period - Shot by Eric Brewer.
5:46 of 1st period - Shot Misses the Net.
6:09 of 1st period - Shot by Curtis Glencross.
6:09 of 1st period - Shot Misses the Net.
6:19 of 1st period - Keith Yandle is hit by Rob Klinkhammer and loses puck.
6:51 of 1st period - Minor Penalty to Paul Martin for Slashing.
6:52 of 1st period - Claude Giroux wins face-off versus Nate Thompson in RedWings zone.
6:53 of 1st period - Shot by Joni Pitkanen.
6:53 of 1st period - Stopped by Roberto Luongo without a rebound.
6:54 of 1st period - Nate Thompson wins face-off versus Claude Giroux in RedWings zone.
7:00 of 1st period - Icing by Adrian Aucoin.
7:01 of 1st period - Nate Thompson wins face-off versus Claude Giroux in Senators zone.
8:49 of 1st period - Shot by Daniel Sedin.
8:49 of 1st period - Shot Blocked by Keith Yandle.
8:51 of 1st period - Shot by Joni Pitkanen.
8:51 of 1st period - Stopped by Roberto Luongo with a rebound.
9:14 of 1st period - Shot by Colin White.
9:14 of 1st period - Stopped by Roberto Luongo with a rebound.
9:55 of 1st period - Shot by Jason Spezza.
9:55 of 1st period - Goal by Jason Spezza - RedWings : 0 - Senators : 1.
9:56 of 1st period - Daymond Langkow wins face-off versus Sidney Crosby in neutral zone.
10:26 of 1st period - Icing by Eric Brewer.
10:27 of 1st period - Jason Spezza wins face-off versus Daymond Langkow in RedWings zone.
10:31 of 1st period - Icing by Brian Campbell.
10:32 of 1st period - Daymond Langkow wins face-off versus Jason Spezza in RedWings zone.
10:32 of 1st period - Ray Whitney is hit by Blake Wheeler and loses puck.
10:41 of 1st period - Shot by Blake Wheeler.
10:41 of 1st period - Shot Misses the Net.
10:43 of 1st period - Shot by Joni Pitkanen.
10:43 of 1st period - Shot Blocked by Brian Campbell.
10:45 of 1st period - Shot by Blake Wheeler.
10:45 of 1st period - Stopped by Roberto Luongo without a rebound.
10:46 of 1st period - Nate Thompson wins face-off versus Claude Giroux in RedWings zone.
10:46 of 1st period - Nate Thompson is hit by Jared Cowen.
10:57 of 1st period - Nate Thompson is hit by Jared Cowen.
11:07 of 1st period - Shot by Alexandre Burrows.
11:07 of 1st period - Shot Blocked by Claude Giroux.
11:09 of 1st period - Shot by Nate Thompson.
11:09 of 1st period - Shot Hit the Post.
11:14 of 1st period - Minor Penalty to Jared Cowen for Roughing.
11:15 of 1st period - Jim OBrien wins face-off versus Daymond Langkow in Senators zone.
11:15 of 1st period - Jim OBrien is hit by Daymond Langkow.
11:45 of 1st period - Brian Campbell is hit by Rob Klinkhammer and loses puck.
11:52 of 1st period - Shot by Eric Brewer.
11:52 of 1st period - Stopped by Carey Price without a rebound.
11:53 of 1st period - Joe Thornton wins face-off versus Jay Pandolfo in Senators zone.
12:59 of 1st period - Icing by Eric Brewer.
13:00 of 1st period - Daymond Langkow wins face-off versus Jim OBrien in RedWings zone.
13:16 of 1st period - Minor Penalty to Dion Phaneuf for Interference.
13:17 of 1st period - Claude Giroux wins face-off versus Joe Thornton in Senators zone.
13:40 of 1st period - Icing by Eric Brewer.
13:41 of 1st period - Joe Thornton wins face-off versus Jim OBrien in RedWings zone.
13:46 of 1st period - Shot by Brian Campbell.
13:46 of 1st period - Stopped by Carey Price with a rebound.
13:48 of 1st period - Shot by Eric Brewer.
13:48 of 1st period - Shot Misses the Net.
14:18 of 1st period - Shot by Paul Martin.
14:18 of 1st period - Shot Misses the Net.
14:20 of 1st period - Shot by Paul Martin.
14:20 of 1st period - Stopped by Carey Price without a rebound.
14:21 of 1st period - Claude Giroux wins face-off versus Daymond Langkow in Senators zone.
14:37 of 1st period - Icing by Daymond Langkow.
14:38 of 1st period - Claude Giroux wins face-off versus Daymond Langkow in RedWings zone.
15:03 of 1st period - Shot by Keith Yandle.
15:03 of 1st period - Stopped by Carey Price without a rebound.
15:04 of 1st period - Claude Giroux wins face-off versus Joe Thornton in Senators zone.
15:41 of 1st period - Shot by Dion Phaneuf.
15:41 of 1st period - Shot Blocked by Jared Spurgeon.
15:43 of 1st period - Shot by Dion Phaneuf.
15:43 of 1st period - Shot Misses the Net.
15:45 of 1st period - Shot by Jason Spezza.
15:45 of 1st period - Stopped by Roberto Luongo without a rebound.
15:46 of 1st period - Sidney Crosby wins face-off versus Joe Thornton in RedWings zone.
15:49 of 1st period - Shot by James Neal.
15:49 of 1st period - Stopped by Roberto Luongo without a rebound.
15:50 of 1st period - Joe Thornton wins face-off versus Guillaume Latendresse in RedWings zone.
16:05 of 1st period - James Neal is hit by Alexandre Burrows and loses puck.
18:11 of 1st period - Shot by Travis Zajac.
18:11 of 1st period - Shot Misses the Net.
18:22 of 1st period - Travis Zajac is hit by Dion Phaneuf.
18:31 of 1st period - Blake Wheeler is hit by Pavel Kubina and loses puck.
18:47 of 1st period - Icing by Anton Stralman.
18:48 of 1st period - Sidney Crosby wins face-off versus Daymond Langkow in Senators zone.
18:53 of 1st period - Shot by Sidney Crosby.
18:53 of 1st period - Stopped by Roberto Luongo without a rebound.
18:54 of 1st period - Claude Giroux wins face-off versus Joe Thornton in RedWings zone.

2nd period


0:01 of 2nd period - Claude Giroux wins face-off versus Daymond Langkow in neutral zone.
0:03 of 2nd period - Off-side.
0:04 of 2nd period - Claude Giroux wins face-off versus Daymond Langkow in neutral zone.
0:09 of 2nd period - Shot by Jared Cowen.
0:09 of 2nd period - Stopped by Roberto Luongo without a rebound.
0:10 of 2nd period - Claude Giroux wins face-off versus Daymond Langkow in RedWings zone.
0:30 of 2nd period - Major Penalty to Paul Martin for Kneeing.
0:31 of 2nd period - Nate Thompson wins face-off versus Sidney Crosby in RedWings zone.
0:31 of 2nd period - Nate Thompson is hit by James Neal.
1:05 of 2nd period - Shot by James Neal.
1:05 of 2nd period - Stopped by Roberto Luongo without a rebound.
1:06 of 2nd period - Claude Giroux wins face-off versus Curtis Glencross in RedWings zone.
1:20 of 2nd period - Claude Giroux is hit by Curtis Glencross and loses puck.
1:29 of 2nd period - Shot by Curtis Glencross.
1:29 of 2nd period - Deflect By Travis Zajac.
1:29 of 2nd period - Shot Blocked by Anton Stralman.
1:31 of 2nd period - Shot by Travis Zajac.
1:31 of 2nd period - Deflect By Curtis Glencross.
1:31 of 2nd period - Shot Misses the Net.
1:33 of 2nd period - Shot by Curtis Glencross.
1:33 of 2nd period - Shot Misses the Net.
2:10 of 2nd period - Icing by Joni Pitkanen.
2:11 of 2nd period - Sidney Crosby wins face-off versus Nate Thompson in Senators zone.
2:39 of 2nd period - Icing by Joni Pitkanen.
2:40 of 2nd period - Sidney Crosby wins face-off versus Nate Thompson in Senators zone.
2:45 of 2nd period - Shot by Adrian Aucoin.
2:45 of 2nd period - Shot Misses the Net.
2:49 of 2nd period - Shot by Adrian Aucoin.
2:49 of 2nd period - Stopped by Roberto Luongo without a rebound.
2:50 of 2nd period - Travis Zajac wins face-off versus Claude Giroux in RedWings zone.
3:36 of 2nd period - Icing by Claude Giroux.
3:37 of 2nd period - Claude Giroux wins face-off versus Nate Thompson in Senators zone.
4:10 of 2nd period - Shot by Adrian Aucoin.
4:10 of 2nd period - Shot Misses the Net.
4:12 of 2nd period - Shot by James Neal.
4:12 of 2nd period - Stopped by Roberto Luongo without a rebound.
4:13 of 2nd period - Sidney Crosby wins face-off versus Travis Zajac in RedWings zone.
4:34 of 2nd period - Shot by Sidney Crosby.
4:34 of 2nd period - Shot Misses the Net.
4:36 of 2nd period - Shot by Joni Pitkanen.
4:36 of 2nd period - Stopped by Roberto Luongo without a rebound.
4:37 of 2nd period - Nate Thompson wins face-off versus Claude Giroux in RedWings zone.
5:08 of 2nd period - Brian Campbell is hit by Blake Wheeler and loses puck.
5:18 of 2nd period - Minor Penalty to Eric Brewer for Roughing.
5:19 of 2nd period - Sidney Crosby wins face-off versus Nate Thompson in RedWings zone.
5:27 of 2nd period - Shot by Guillaume Latendresse.
5:27 of 2nd period - Stopped by Roberto Luongo without a rebound.
5:28 of 2nd period - James Neal wins face-off versus Nate Thompson in RedWings zone.
5:53 of 2nd period - Shot by Sidney Crosby.
5:53 of 2nd period - Shot Misses the Net.
5:55 of 2nd period - Shot by Guillaume Latendresse.
5:55 of 2nd period - Shot Misses the Net.
5:57 of 2nd period - Shot by Sidney Crosby.
5:57 of 2nd period - Goal by Sidney Crosby - RedWings : 0 - Senators : 2.
5:58 of 2nd period - Jay Pandolfo wins face-off versus Joe Thornton in neutral zone.
6:27 of 2nd period - Shot by Joe Thornton.
6:27 of 2nd period - Deflect By Curtis Glencross.
6:27 of 2nd period - Shot Blocked by Dion Phaneuf.
6:29 of 2nd period - Shot by Curtis Glencross.
6:29 of 2nd period - Stopped by Carey Price without a rebound.
6:30 of 2nd period - Daymond Langkow wins face-off versus Jason Spezza in Senators zone.
7:27 of 2nd period - Shot by Alexandre Burrows.
7:27 of 2nd period - Stopped by Carey Price without a rebound.
7:28 of 2nd period - Joe Thornton wins face-off versus Claude Giroux in Senators zone.
7:47 of 2nd period - Paul Martin is hit by Claude Giroux and loses puck.
7:57 of 2nd period - Claude Giroux is hit by Paul Martin and loses puck.
8:04 of 2nd period - Shot by Claude Giroux.
8:04 of 2nd period - Deflect By Daniel Sedin.
8:04 of 2nd period - Shot Misses the Net.
8:11 of 2nd period - Icing by Alexandre Burrows.
8:12 of 2nd period - Joe Thornton wins face-off versus Sidney Crosby in RedWings zone.
8:14 of 2nd period - Icing by Keith Yandle.
8:15 of 2nd period - Joe Thornton wins face-off versus Sidney Crosby in RedWings zone.
9:36 of 2nd period - Shot by Jason Spezza.
9:36 of 2nd period - Stopped by Roberto Luongo without a rebound.
9:37 of 2nd period - Nate Thompson wins face-off versus Claude Giroux in RedWings zone.
9:44 of 2nd period - Shot by Stephen Gionta.
9:44 of 2nd period - Shot Blocked by Adrian Aucoin.
9:46 of 2nd period - Shot by Alexandre Burrows.
9:46 of 2nd period - Deflect By Nate Thompson.
9:46 of 2nd period - Shot Misses the Net.
9:48 of 2nd period - Shot by Mark Fraser.
9:48 of 2nd period - Stopped by Carey Price with a rebound.
9:50 of 2nd period - Shot by Alexandre Burrows.
9:50 of 2nd period - Goal by Alexandre Burrows - RedWings : 1 - Senators : 2.
9:51 of 2nd period - Nate Thompson wins face-off versus Jay Pandolfo in neutral zone.
10:57 of 2nd period - Shot by Sidney Crosby.
10:57 of 2nd period - Stopped by Roberto Luongo with a rebound.
11:15 of 2nd period - Shot by James Neal.
11:15 of 2nd period - Shot Blocked by Eric Brewer.
11:17 of 2nd period - Shot by James Neal.
11:17 of 2nd period - Shot Blocked by Brian Campbell.
11:26 of 2nd period - Icing by Eric Brewer.
11:27 of 2nd period - Joe Thornton wins face-off versus Jason Spezza in RedWings zone.
11:29 of 2nd period - Brian Campbell is hit by Blake Wheeler and loses puck.
11:34 of 2nd period - Shot by Blake Wheeler.
11:34 of 2nd period - Stopped by Roberto Luongo without a rebound.
11:35 of 2nd period - Jason Spezza wins face-off versus Daymond Langkow in RedWings zone.
11:54 of 2nd period - Shot by Ray Whitney.
11:54 of 2nd period - Stopped by Carey Price without a rebound.
11:55 of 2nd period - Nate Thompson wins face-off versus Claude Giroux in Senators zone.
11:57 of 2nd period - Minor Penalty to Anton Stralman for Holding.
11:58 of 2nd period - Daymond Langkow wins face-off versus Jim OBrien in Senators zone.
12:43 of 2nd period - Adrian Aucoin is hit by Alexandre Burrows and loses puck.
14:32 of 2nd period - Shot by James Neal.
14:32 of 2nd period - Stopped by Roberto Luongo without a rebound.
14:33 of 2nd period - Daymond Langkow wins face-off versus Jason Spezza in RedWings zone.
14:46 of 2nd period - Shot by John Mitchell.
14:46 of 2nd period - Shot Misses the Net.
14:48 of 2nd period - Shot by Adrian Aucoin.
14:48 of 2nd period - Shot Misses the Net.
15:23 of 2nd period - Mark Fraser is hit by Jared Cowen and loses puck.
15:56 of 2nd period - Shot by Daniel Sedin.
15:56 of 2nd period - Deflect By Claude Giroux.
15:56 of 2nd period - Stopped by Roberto Luongo without a rebound.
15:57 of 2nd period - Sidney Crosby wins face-off versus Joe Thornton in RedWings zone.
15:57 of 2nd period - Dion Phaneuf is hit by Eric Brewer and loses puck.
16:00 of 2nd period - Shot by James Neal.
16:00 of 2nd period - Stopped by Roberto Luongo without a rebound.
16:01 of 2nd period - Sidney Crosby wins face-off versus Joe Thornton in RedWings zone.
16:15 of 2nd period - Curtis Glencross is hit by Guillaume Latendresse and loses puck.
16:43 of 2nd period - Sidney Crosby is hit by Alexandre Burrows and loses puck.
16:44 of 2nd period - Minor Penalty to Alexandre Burrows for High sticking.
16:45 of 2nd period - Nate Thompson wins face-off versus Claude Giroux in RedWings zone.
16:58 of 2nd period - Shot by Claude Giroux.
16:58 of 2nd period - Shot Blocked by Eric Brewer.
17:59 of 2nd period - Shot by James Neal.
17:59 of 2nd period - Shot Misses the Net.
18:09 of 2nd period - Shot by James Neal.
18:09 of 2nd period - Shot Blocked by Eric Brewer.
18:22 of 2nd period - Icing by Blake Wheeler.
18:23 of 2nd period - Claude Giroux wins face-off versus Nate Thompson in Senators zone.
19:22 of 2nd period - Shot by Joe Thornton.
19:22 of 2nd period - Shot Misses the Net.

3rd period


0:01 of 3rd period - Claude Giroux wins face-off versus Daymond Langkow in neutral zone.
0:01 of 3rd period - Claude Giroux is hit by Ray Whitney.
1:14 of 3rd period - Shot by Guillaume Latendresse.
1:14 of 3rd period - Stopped by Roberto Luongo without a rebound.
1:15 of 3rd period - Jason Spezza wins face-off versus Alexandre Burrows in RedWings zone.
1:36 of 3rd period - Shot by Jared Spurgeon.
1:36 of 3rd period - Shot Misses the Net.
1:38 of 3rd period - Shot by Stephen Gionta.
1:38 of 3rd period - Stopped by Carey Price without a rebound.
1:39 of 3rd period - Daymond Langkow wins face-off versus Sidney Crosby in Senators zone.
1:46 of 3rd period - Shot by Ray Whitney.
1:46 of 3rd period - Stopped by Carey Price without a rebound.
1:47 of 3rd period - Sidney Crosby wins face-off versus Travis Zajac in Senators zone.
2:07 of 3rd period - Icing by Brian Campbell.
2:08 of 3rd period - Travis Zajac wins face-off versus Claude Giroux in RedWings zone.
2:35 of 3rd period - Shot by Daniel Sedin.
2:35 of 3rd period - Shot Misses the Net.
2:57 of 3rd period - Shot by Joe Thornton.
2:57 of 3rd period - Stopped by Carey Price without a rebound.
2:58 of 3rd period - Joe Thornton wins face-off versus Sidney Crosby in Senators zone.
2:58 of 3rd period - Keith Yandle is hit by Jared Cowen and loses puck.
3:12 of 3rd period - Curtis Glencross is hit by Jared Cowen and loses puck.
4:02 of 3rd period - Shot by Daymond Langkow.
4:02 of 3rd period - Stopped by Carey Price without a rebound.
4:03 of 3rd period - Jason Spezza wins face-off versus Nate Thompson in Senators zone.
6:02 of 3rd period - James Neal is hit by Keith Yandle.
6:25 of 3rd period - Sidney Crosby is hit by Keith Yandle and loses puck.
6:33 of 3rd period - Icing by Paul Martin.
6:34 of 3rd period - Joe Thornton wins face-off versus Jason Spezza in RedWings zone.
6:43 of 3rd period - Icing by Blake Wheeler.
6:44 of 3rd period - Jason Spezza wins face-off versus Nate Thompson in Senators zone.
6:51 of 3rd period - Shot by Blake Wheeler.
6:51 of 3rd period - Shot Blocked by Eric Brewer.
6:57 of 3rd period - Brian Campbell is hit by John Mitchell and loses puck.
7:05 of 3rd period - Off-side.
7:06 of 3rd period - Daymond Langkow wins face-off versus Claude Giroux in neutral zone.
7:06 of 3rd period - Daymond Langkow is hit by Claude Giroux.
7:33 of 3rd period - Off-side.
7:34 of 3rd period - Joe Thornton wins face-off versus Jason Spezza in neutral zone.
8:03 of 3rd period - Shot by John Mitchell.
8:03 of 3rd period - Shot Misses the Net.
8:05 of 3rd period - Shot by Blake Wheeler.
8:05 of 3rd period - Shot Hit the Post.
8:07 of 3rd period - Shot by Adrian Aucoin.
8:07 of 3rd period - Shot Blocked by Curtis Glencross.
8:15 of 3rd period - Shot by Jason Spezza.
8:15 of 3rd period - Shot Misses the Net.
9:47 of 3rd period - Shot by Sidney Crosby.
9:47 of 3rd period - Shot Misses the Net.
9:49 of 3rd period - Shot by James Neal.
9:49 of 3rd period - Stopped by Roberto Luongo with a rebound.
9:51 of 3rd period - Shot by James Neal.
9:51 of 3rd period - Shot Misses the Net.
10:17 of 3rd period - Jason Spezza is hit by Pavel Kubina and loses puck.
11:32 of 3rd period - Shot by Daymond Langkow.
11:32 of 3rd period - Shot Blocked by Steve Staios.
11:34 of 3rd period - Shot by Jamie Langenbrunner.
11:34 of 3rd period - Stopped by Carey Price without a rebound.
11:35 of 3rd period - Sidney Crosby wins face-off versus Daymond Langkow in Senators zone.
11:45 of 3rd period - Minor Penalty to Guillaume Latendresse for Hooking.
11:46 of 3rd period - Jamie Langenbrunner wins face-off versus Jason Spezza in Senators zone.
11:51 of 3rd period - Shot by Joe Thornton.
11:51 of 3rd period - Goal by Joe Thornton - RedWings : 2 - Senators : 2.
11:52 of 3rd period - Sidney Crosby wins face-off versus Travis Zajac in neutral zone.
12:07 of 3rd period - Shot by Sidney Crosby.
12:07 of 3rd period - Shot Blocked by Nate Thompson.
12:11 of 3rd period - Shot by James Neal.
12:11 of 3rd period - Stopped by Roberto Luongo without a rebound.
12:12 of 3rd period - Joe Thornton wins face-off versus Jason Spezza in RedWings zone.
12:12 of 3rd period - Joe Thornton is hit by Blake Wheeler.
12:33 of 3rd period - Jason Spezza is hit by Paul Martin and loses puck.
13:48 of 3rd period - Icing by Adrian Aucoin.
13:49 of 3rd period - Nate Thompson wins face-off versus Daniel Sedin in Senators zone.
15:12 of 3rd period - Icing by Adrian Aucoin.
15:13 of 3rd period - Claude Giroux wins face-off versus Joe Thornton in Senators zone.
15:23 of 3rd period - Minor Penalty to Guillaume Latendresse for Hooking.
15:24 of 3rd period - Joe Thornton wins face-off versus Jason Spezza in Senators zone.
15:24 of 3rd period - Joe Thornton is hit by Jared Cowen.
16:51 of 3rd period - Off-side.
16:52 of 3rd period - Jason Spezza wins face-off versus Joe Thornton in neutral zone.
16:55 of 3rd period - Curtis Glencross is hit by Rob Klinkhammer and loses puck.
17:52 of 3rd period - Shot by James Neal.
17:52 of 3rd period - Stopped by Roberto Luongo without a rebound.
17:53 of 3rd period - Daymond Langkow wins face-off versus Claude Giroux in RedWings zone.
18:52 of 3rd period - Icing by Eric Brewer.
18:53 of 3rd period - Joe Thornton wins face-off versus Sidney Crosby in RedWings zone.

Overtime #1


0:01 of 1st overtime period - Sidney Crosby wins face-off versus Nate Thompson in neutral zone.
0:03 of 1st overtime period - Off-side.
0:04 of 1st overtime period - Sidney Crosby wins face-off versus Nate Thompson in neutral zone.
0:23 of 1st overtime period - Shot by Sidney Crosby.
0:23 of 1st overtime period - Shot Misses the Net.
0:26 of 1st overtime period - Icing by Brian Campbell.
0:27 of 1st overtime period - Sidney Crosby wins face-off versus Nate Thompson in RedWings zone.
0:37 of 1st overtime period - Brian Campbell is hit by James Neal and loses puck.
0:58 of 1st overtime period - James Neal is hit by Jamie Langenbrunner and loses puck.
1:15 of 1st overtime period - Off-side.
1:16 of 1st overtime period - Claude Giroux wins face-off versus Nate Thompson in neutral zone.
1:28 of 1st overtime period - Off-side.
1:29 of 1st overtime period - Alexandre Burrows wins face-off versus Sidney Crosby in neutral zone.
2:52 of 1st overtime period - Icing by Joni Pitkanen.
2:53 of 1st overtime period - Claude Giroux wins face-off versus Travis Zajac in Senators zone.

ShootOut


5:00 of 1st overtime period - Penalty Shot by Alexandre Burrows for RedWings.
5:00 of 1st overtime period - Stopped by Carey Price.
5:00 of 1st overtime period - Penalty Shot by Claude Giroux for Senators.
5:00 of 1st overtime period - Stopped by Roberto Luongo.
5:00 of 1st overtime period - Penalty Shot by Ray Whitney for RedWings.
5:00 of 1st overtime period - Stopped by Carey Price.
5:00 of 1st overtime period - Penalty Shot by Sidney Crosby for Senators.
5:00 of 1st overtime period - Stopped by Roberto Luongo.
5:00 of 1st overtime period - Penalty Shot by Curtis Glencross for RedWings.
5:00 of 1st overtime period - Shot Misses the Net.
5:00 of 1st overtime period - Penalty Shot by Jason Spezza for Senators.
5:00 of 1st overtime period - Stopped by Roberto Luongo.
5:00 of 1st overtime period - Penalty Shot by Travis Zajac for RedWings.
5:00 of 1st overtime period - Shot Misses the Net.
5:00 of 1st overtime period - Penalty Shot by Daniel Sedin for Senators.
5:00 of 1st overtime period - Shot Misses the Net.
5:00 of 1st overtime period - Penalty Shot by Joe Thornton for RedWings.
5:00 of 1st overtime period - Goal by Joe Thornton.
5:00 of 1st overtime period - Penalty Shot by James Neal for Senators.
5:00 of 1st overtime period - Stopped by Roberto Luongo.


Output by the SimonT Hockey Simulator (STHS) for Stephane Roy -- Original Page W3C XHTML 1.0 Valid
Hockey Simulator - Hockey Simulation - Hockey Manager